 Dungeon Crawl Stone Soup version 0.21.1-35-gfefc1aa2bb (webtiles) character file.

111 Pisosu the Magician (level 4, -5/30 HPs)
             Began as a Mummy Fire Elementalist on Aug 1, 2018.
             Slain by an orc
             ... wielding a +0 flail
              (7 damage)
             ... on level 3 of the Dungeon.
             The game lasted 00:10:18 (4713 turns).

Pisosu the Magician (Mummy Fire Elementalist)       Turns: 4713, Time: 00:10:18

Health: -5/30      AC:  3    Str: 11    XL:     4   Next: 62%
Magic:  0/10       EV: 12    Int: 15    God:
Gold:   176        SH:  0    Dex: 12    Spells: 1/11 levels left

rFire    x . .     SeeInvis .   f - +0 club
rCold    + . .     Gourm    .   (no shield)
rNeg     + + +     Faith    .   n - +0 robe
rPois    ∞         Spirit   .   (no helmet)
rElec    .         Reflect  .   (no cloak)
rCorr    .         Harm     .   (no gloves)
MR       .....                  e - +0 pair of boots
Stlth    +.........             (no amulet)
HPRegen  0.10/turn              c - ring of loudness (curse)
MPRegen  0.12/turn              (no ring)

@: no status effects
A: no food or potions, fire vulnerability, cold resistance 1, negative energy
resistance 3, torment resistance, unbreathing
a: no special abilities


You were on level 3 of the Dungeon.
You were not hungry.

You visited 1 branch of the dungeon, and saw 3 of its levels.

You collected 176 gold pieces.

Inventory:

Hand Weapons
 f - a +0 club (weapon)
 k - a +0 spear
Armour
 e - a +0 pair of boots (worn)
 n - a +0 robe (worn)
Jewellery
 c - a cursed ring of loudness (left hand)
Scrolls
 a - a scroll of immolation {unknown}
 d - 4 scrolls of teleportation {unknown}
 l - a scroll of identify {unknown}
 m - a scroll of amnesia {unknown}
Books
 b - a book of Flames

   Spells                             Type                      Level
   a - Flame Tongue                   Conjuration/Fire             1
   b - Throw Flame                    Conjuration/Fire             2
   c - Conjure Flame                  Conjuration/Fire             3
   d - Inner Flame                    Hexes/Fire                   3
   e - Sticky Flame                   Conjuration/Fire             4
   f - Fireball                       Conjuration/Fire             5


   Skills:
 - Level 1.5 Dodging
 - Level 1.5 Stealth
 + Level 4.1 Spellcasting
 + Level 1.5 Conjurations
 + Level 3.5 Fire Magic


You had one spell level left.
You knew the following spells:

 Your Spells              Type           Power        Failure   Level  Hunger
a - Flame Tongue          Conj/Fire      ##...        6%          1    N/A
b - Throw Flame           Conj/Fire      ##....       10%         2    N/A
c - Conjure Flame         Conj/Fire      ##......     19%         3    N/A
d - Sticky Flame          Conj/Fire      ##......     52%         4    N/A

Dungeon Overview and Level Annotations

Branches:
Dungeon (3/15)

Altars:
Elyvilon
Hepliaklqana
Kikubaaqudgha


Innate Abilities, Weirdness & Mutations

You do not eat or drink.
Your flesh is vulnerable to fire.
You are immune to poison.
Your flesh is cold resistant. (rC+)
You are immune to negative energy. (rN+++)
You are immune to unholy pain and torment.
You can survive without breathing.


Message History

The orc is almost dead.
The orc completely misses you. The orc hits you with a flail!
You completely miss the orc.
The orc is almost dead.
The orc hits you but does no damage. The orc hits you with a flail.
* * * LOW HITPOINT WARNING * * *
You barely miss the orc.
The orc is almost dead.
The orc hits you with a club.
* * * LOW HITPOINT WARNING * * *
The orc barely misses you.
Casting: Flame Tongue
Confirm with . or Enter, or press ? or * to list all spells.
Aiming: Flame Tongue
Press: ? - help, Shift-Dir - straight line, f - orc, p - orc
Aim: an orc, wielding a club and wearing a chain mail (almost dead)
The flame tongue hits the orc.
You kill the orc!
The orc hits you with a flail!
You die...

############
#############.....<....#
#...........#.########.#
#.###.#.###.#.# ####.####
#.###.#.###.#)# #.......#
#.##...)....o@# #.##.##.#
#.##.)#.###.### #.##.##.#
#.##..#.###.# #.##.##.#
#...(.......#######.##.##.#
####.######.....##.(......#
#......#.....##...<#...#
#..)##.#.....##.#.###.##
#.#.##.#.....##..## ##.#
#.#..#.#.....##.#.###.##


You could see an orc.

Vanquished Creatures
  5 adders (D:2)
  4 worms
  A dart slug (D:1)
  7 orcs
  2 ball pythons
  2 bats
  A giant cockroach (D:2)
  6 goblins
  5 hobgoblins
  2 kobolds (D:2)
  3 frilled lizards
  10 rats
48 creatures vanquished.

Notes
Turn   | Place    | Note
-------+----------+-------------------------------------------
     0 | D:1      | Pisosu the Mummy Fire Elementalist began the quest for the Orb.
     0 | D:1      | Reached XP level 1. HP: 13/13 MP: 4/4
   803 | D:1      | Reached XP level 2. HP: 19/19 MP: 3/5
  1567 | D:1      | Reached skill level 3 in Spellcasting
  1945 | D:2      | Found a hazy altar of Hepliaklqana.
  2078 | D:2      | Reached skill level 1 in Conjurations
  2078 | D:2      | Reached XP level 3. HP: 24/24 MP: 0/7
  2456 | D:2      | Found an ancient bone altar of Kikubaaqudgha.
  2618 | D:2      | Reached XP level 4. HP: 25/30 MP: 3/9
  3158 | D:2      | Found a white marble altar of Elyvilon.
  3943 | D:3      | HP: 1/30 [worm (8)]
  3944 | D:3      | Reached skill level 4 in Spellcasting
  4579 | D:2      | Learned a level 2 spell: Throw Flame
  4583 | D:2      | Learned a level 3 spell: Conjure Flame
  4588 | D:2      | Learned a level 4 spell: Sticky Flame
  4713 | D:3      | Slain by an orc

Skill      XL: |  1  2  3  4 |
---------------+-------------+-----
Spellcasting   | 3 4 |  4.1
Fire Magic     | 3 |  3.5
Conjurations   | 1 |  1.5
Dodging        | |  1.5
Stealth        | |  1.5

Action                   |  1- 3 |  4- 6 || total
-------------------------+-------+-------++-------
Melee: Hand axe          |     9 |       ||     9
       Spear             |    10 |    11 ||    21
       Flail             |     2 |       ||     2
       Club              |       |    14 ||    14
 Cast: Flame Tongue      |    51 |    53 ||   104
       Throw Flame       |       |     5 ||     5
Armor: Robe              |    13 |     7 ||    20
Dodge: Dodged            |    20 |    32 ||    52
